 Dungeon Crawl Stone Soup version 0.21-a0-216-g6d3fd91 (webtiles) character file.

56 Lavandula the Chiller (level 3, 2/24 (26) HPs)
             Began as a Ghoul Ice Elementalist on Aug 23, 2017.
             Quit the game on level 3 of the Dungeon.
             The game lasted 00:04:53 (756 turns).

Lavandula the Chiller (Ghoul Ice Elementalist)       Turns: 756, Time: 00:04:54

HP:   2/24 (26)     AC:  7    Str: 11      XL:     3   Next: 95%
MP:   2/5           EV: 17    Int: 11      God:
Gold: 52            SH:  0    Dex: 11 (14) Spells: 2/6 levels left

rFire    . . .     SeeInvis .   (no weapon)
rCold    + . .     Gourm    .   (no shield)
rNeg     + + +     Faith    .   a - +0 robe
rPois    ∞         Spirit   .   (no helmet)
rElec    .         Reflect  .   (no cloak)
rCorr    .         Harm     .   (no gloves)
MR       .....                  (no boots)
Stlth    +++.......             (no amulet)
HPRegen  0.00/turn              (no ring)
MPRegen  0.09/turn              (no ring)

@: agile, icy armour, rotting, slow
A: rotting body, claws 1, carnivore 3, cold resistance 1, negative energy
resistance 3, inhibited regeneration, torment resistance, unbreathing
a: no special abilities


You were on level 3 of the Dungeon.
You were not hungry.

You visited 1 branch of the dungeon, and saw 3 of its levels.

You collected 52 gold pieces.

Inventory:

Armour
 a - a +0 robe (worn)
Scrolls
 e - 2 scrolls of identify {unknown}
 g - a scroll of amnesia {unknown}
Potions
 f - a potion of agility
Books
 b - a book of Frost

   Spells                             Type                      Level
   a - Freeze                         Ice                          1
   b - Throw Frost                    Conjuration/Ice              2
   c - Ozocubu's Armour               Charms/Ice                   3
   d - Throw Icicle                   Conjuration/Ice              4
   e - Summon Ice Beast               Ice/Summoning                4
Comestibles
 c - a meat ration


   Skills:
 - Level 1.7 Dodging
 - Level 2.1 Stealth
 - Level 2.0 Spellcasting
   Level 0.7 Conjurations
 - Level 0.1 Charms
 - Level 5.0 Ice Magic


You had 2 spell levels left.
You knew the following spells:

 Your Spells              Type           Power        Failure   Level  Hunger
a - Freeze                Ice            ##..         3%          1    ##.....
b - Ozocubu's Armour      Chrm/Ice       #.......     30%         3    ####...


Dungeon Overview and Level Annotations

Branches:
Dungeon (3/15)

Altars:

Annotations:
D:3 Monastir's ghost, amateur SpEn


Innate Abilities, Weirdness & Mutations

Your body is rotting away.
You thrive on raw meat.
You are immune to poison.
You have sharp fingernails.
You are carnivorous and can eat meat at any time.
Your flesh is cold resistant. (rC+)
You are immune to negative energy. (rN+++)
You do not regenerate when monsters are visible.
You are immune to unholy pain and torment.
You can survive without breathing.


Message History

The quasit bites you but does no damage.
The quasit misses you. x2
You miss the quasit.
The quasit is heavily wounded.
The quasit completely misses you. The quasit closely misses you.
The quasit claws you but does no damage.
You miss the quasit.
The quasit is moderately wounded.
The quasit misses you. The quasit claws you.
* * * LOW HITPOINT WARNING * * *
You feel clumsy. The quasit closely misses you.
The quasit barely misses you. x2
The quasit closely misses you.
Okay, then.
You barely miss the quasit.
The quasit is moderately wounded.
The quasit misses you.
The quasit claws you but does no damage.
The quasit misses you.
Are you sure you want to abandon this character and quit the game? (Confirm with "yes".)

#.........
#........$
#.........
#......†..
#.........
#.........
##.#######
##########.#
#@5........#
############


You could see a quasit.

Vanquished Creatures
  3 adders
  2 dart slugs (D:2)
  A leopard gecko (D:3)
  An orc (D:2)
  2 bats
  2 goblins
  5 hobgoblins
  A quokka (D:2)
  4 frilled lizards
  3 rats
24 creatures vanquished.

Notes
Turn   | Place    | Note
-------+----------+-------------------------------------------
     0 | D:1      | Lavandula the Ghoul Ice Elementalist began the quest for the Orb.
     0 | D:1      | Reached XP level 1. HP: 14/14 MP: 2/2
    83 | D:2      | Reached XP level 2. HP: 19/20 MP: 0/4
   292 | D:2      | Reached skill level 4 in Ice Magic
   336 | D:3      | Noticed Monastir's ghost (amateur SpEn)
   343 | D:2      | Reached XP level 3. HP: 17/25 MP: 0/5
   689 | D:2      | Reached skill level 5 in Ice Magic
   699 | D:3      | Learned a level 3 spell: Ozocubu's Armour
   756 | D:3      | Quit the game

Vault maps used:
D:1:      nicolae_arrival_memento_mori
D:2:      first_bread
D:3:      nicolae_overflow_hidden_temple, st_stairs_6, hex_medium,
          kennysheep_cluttered_room, fedhas_altar_2, uniq_sigmund

Skill      XL: |  1  2  3 |
---------------+----------+-----
Spellcasting   | 2 |  2.0
Ice Magic      | 4 5 |  5.0
Dodging        | |  1.7
Stealth        | |  2.1
Conjurations   | |  0.7
Charms         | |  0.1

Action                   || total
-------------------------++-------
Melee: Unarmed           ||    63
 Cast: Freeze            ||    39
       Ozocubu's Armour  ||     1
  Use: Potion            ||     1
 Stab: Sleeping          ||     2
  Eat: Chunk             ||     7
Armor: Robe              ||    40
Dodge: Dodged            ||   107

Table legend:
 A = Spawn XP
 B = Non-spawn XP
 C = Spawn XP percentage of total XP
 D = Spawn monster count
 E = Non-spawn monster count
 F = Spawn count percentage of total count
 G = Total turns spent on level
                    A         B        C        D         E        F      G
               +---------+---------+-------+---------+---------+-------+---------
         Total |       6 |      74 |   7.5 |       2 |      22 |   8.3 |   756
               +---------+---------+-------+---------+---------+-------+---------
           D:1 |       0 |      11 |   0.0 |       0 |       7 |   0.0 |   105
           D:2 |       6 |      45 |  11.8 |       2 |      12 |  14.3 |   554
           D:3 |       0 |      18 |   0.0 |       0 |       3 |   0.0 |    97
               +---------+---------+-------+---------+---------+-------+---------
